 Dungeon Crawl Stone Soup version 0.31.0-11-ge490571c62 (webtiles) character file.

Game seed: 3870236320400321079

191 qw the Ducker (level 5, -4/27 HPs)
             Began as a Spriggan Hunter on Feb 4, 2024.
             Slain by a kobold brigand
             ... wielding a +2 short sword of venom
              (10 damage)
             ... in a sewer.
             The game lasted 00:00:08 (1614 turns).

qw the Ducker (Spriggan Hunter)                     Turns: 1614, Time: 00:00:08

Health: -4/27      AC:  2    Str:  7    XL:     5   Next: 41%
Magic:  6/6        EV: 20    Int: 11    God:
Gold:   150        SH:  0    Dex: 20    Spells: 4/4 levels left

rFire   . . .        a - +0 shortbow
rCold   . . .        (shield currently unavailable)
rNeg    . . .        c - +0 robe
rPois   .            (helmet restricted)
rElec   .            (no cloak)
rCorr   .            (gloves unavailable)
SInv    +            (boots unavailable)
Will    .....        (no amulet)
Stlth   ++           (no ring)
HPRegen 0.24/turn    (no ring)
MPRegen 0.10/turn

%: no passive effects
@: lethally poisoned (-4 -> -15), very quick
A: very small, no large weapons, unfitting armour, see invisible, speed 3
a: no special abilities


You were in a sewer.
You visited 1 branch of the dungeon, and saw 3 of its levels.
You also visited: Sewer.

You collected 150 gold pieces.


Innate Abilities, Weirdness & Mutations

You are very small and have problems with some larger weapons.
You are too small for most types of armour.
You have supernaturally acute eyesight. (SInv)
You cover ground extremely quickly. (Speed+++)


   Skills:
 - Level 2.5 Fighting
 + Level 5.0 Ranged Weapons
 - Level 5.5 Dodging
 - Level 1.5 Stealth


You had 4 spell levels left.
You didn't know any spells.
Your spell library was empty.

Inventory:

Hand Weapons
 a - a +0 shortbow (weapon)
Armour
 c - a +0 robe (worn)
Potions
 d - a potion of might
 j - 2 potions of curing
 k - a potion of mutation {unknown}
 l - a potion of invisibility {unknown}

Dungeon Overview and Level Annotations

Branches:
Dungeon (3/15)              Sewer (1/1)

Altars:

Shops:
D:2 :

Annotations:
D:2 1 runed translucent door, Crazy Yiuf


Message History

You shoot an arrow.
The arrow hits the kobold but does no damage.
You feel very sick.
You shoot an arrow. The arrow hits the kobold!
You kill the kobold!
You feel very sick.
You shoot an arrow. The arrow misses the kobold brigand.
You feel very sick.
1607 ||| DRINKING potion of heal wounds.
You feel much better.
You feel sick.
You shoot an arrow. The arrow hits the kobold brigand.
The kobold brigand is lightly wounded.
You feel sick.
You shoot an arrow. The arrow hits the kobold brigand.
The kobold brigand is heavily wounded.
You feel sick.
You shoot an arrow. The arrow hits the kobold brigand.
The kobold brigand is heavily wounded.
You feel sick.
You shoot an arrow.
The arrow barely misses the kobold brigand.
You feel sick. The kobold brigand barely misses you.
You shoot an arrow. The arrow hits the kobold brigand!
The kobold brigand is severely wounded.
You feel sick.
The kobold brigand hits you with a +2 short sword of venom.
You are lethally poisoned!
The kobold brigand barely misses you.
You shoot an arrow.
The arrow hits the kobold brigand but does no damage.
The kobold brigand is severely wounded.
You feel very sick. The kobold brigand barely misses you.
You shoot an arrow.
The arrow hits the kobold brigand but does no damage.
The kobold brigand is severely wounded.
You feel very sick.
The kobold brigand hits you with a +2 short sword of venom!
You die...

..~.~~~~~.~~.########.~~~.#####
.~.~#####..~~.# #####~~~).# ~.#
##~~~~# ####### ##...# #.~.#
#.~~# ##~~.## #~~~.~# #.###@#
#. #K# #~ #~# ~)~ ~#~ #~ ~# #~
~# #. .#


You could see a kobold brigand.

Vanquished Creatures
  2 brain worms (Sewer)
  An adder (D:2)
  4 dart slugs
  3 ball pythons
  4 endoplasms
  A giant cockroach (D:2)
  7 goblins
  4 hobgoblins
  5 kobolds
  A quokka (D:1)
  9 bats
  A frilled lizard (D:1)
  3 rats
45 creatures vanquished.

Notes
Turn   | Place    | Note
-------+----------+-------------------------------------------
     0 | D:1      | qw the Spriggan Hunter began the quest for the Orb.
     0 | D:1      | Reached XP level 1. HP: 10/10 MP: 2/2
     0 | D:1      | 0 ||| qw: Version: 0.3-a-160-g6735b56
     0 | D:1      | 0 ||| qw: Game counter: 4658
     0 | D:1      | 0 ||| qw: Melee chars always use a shield: true
     0 | D:1      | 0 ||| qw: God list: Okawaru
     0 | D:1      | 0 ||| qw: Allow faded altars: false
     0 | D:1      | 0 ||| qw: Do Orc after clearing Dungeon:15 true
     0 | D:1      | 0 ||| qw: Do second Lair branch before Depths: true
     0 | D:1      | 0 ||| qw: Lair rune preference: random
     0 | D:1      | 0 ||| qw: Goals: Normal
     0 | D:1      | 0 ||| PLANNING D:1-11
    42 | D:1      | Reached skill level 3 in Dodging
    98 | D:1      | Reached XP level 2. HP: 11/14 MP: 3/3
   379 | D:1      | You fall into a shaft and drop 1 floor!
   420 | D:2      | Found Juptofy's Book Shoppe.
   436 | D:2      | Reached XP level 3. HP: 15/18 MP: 4/4
   504 | D:2      | 504 ||| READING 2 scrolls labelled USCHUDW ICZYBB.
   511 | D:2      | 511 ||| READING scroll labelled OBAL VOTUKIRA.
   511 | D:2      | 511 ||| IDENTIFYING clear potion
   512 | D:2      | 512 ||| READING scroll labelled JYKHUX RIWENK.
   578 | D:2      | 578 ||| DRINKING 2 red potions.
   579 | D:2      | 579 ||| DROPPING scroll of butterflies.
   580 | D:2      | 580 ||| Stepping randomly (stuck).
   581 | D:2      | 581 ||| Stepping randomly (stuck).
   582 | D:2      | 582 ||| Stepping randomly (stuck).
   583 | D:2      | 583 ||| Stepping randomly (stuck).
   584 | D:2      | 584 ||| Stepping randomly (stuck).
   585 | D:2      | 585 ||| Stepping randomly (stuck).
   586 | D:2      | 586 ||| Stepping randomly (stuck).
   587 | D:2      | 587 ||| Stepping randomly (stuck).
   588 | D:2      | 588 ||| Stepping randomly (stuck).
   589 | D:2      | 589 ||| Stepping randomly (stuck).
   590 | D:2      | 590 ||| Stepping randomly (stuck).
   591 | D:2      | 591 ||| Stepping randomly (stuck).
   592 | D:2      | 592 ||| Stepping randomly (stuck).
   594 | D:2      | 594 ||| READING scroll of identify.
   594 | D:2      | 594 ||| IDENTIFYING fizzy puce potion
   595 | D:2      | 595 ||| DROPPING potion of lignification.
   596 | D:2      | 596 ||| Stepping randomly (stuck).
   597 | D:2      | 597 ||| Stepping randomly (stuck).
   598 | D:2      | 598 ||| Stepping randomly (stuck).
   599 | D:2      | 599 ||| Stepping randomly (stuck).
   600 | D:2      | 600 ||| Stepping randomly (stuck).
   601 | D:2      | 601 ||| Stepping randomly (stuck).
   602 | D:2      | 602 ||| Stepping randomly (stuck).
   603 | D:2      | 603 ||| Stepping randomly (stuck).
   604 | D:2      | 604 ||| Stepping randomly (stuck).
   605 | D:2      | 605 ||| Stepping randomly (stuck).
   606 | D:2      | 606 ||| Stepping randomly (stuck).
   607 | D:2      | 607 ||| Stepping randomly (stuck).
   608 | D:2      | 608 ||| Stepping randomly (stuck).
   609 | D:2      | 609 ||| Stepping randomly (stuck).
   610 | D:2      | 610 ||| Stepping randomly (stuck).
   611 | D:2      | 611 ||| Stepping randomly (stuck).
   612 | D:2      | 612 ||| Stepping randomly (stuck).
   613 | D:2      | 613 ||| Stepping randomly (stuck).
   614 | D:2      | 614 ||| Stepping randomly (stuck).
   615 | D:2      | 615 ||| Stepping randomly (stuck).
   616 | D:2      | 616 ||| Stepping randomly (stuck).
   617 | D:2      | 617 ||| Stepping randomly (stuck).
   618 | D:2      | 618 ||| Stepping randomly (stuck).
   619 | D:2      | 619 ||| Stepping randomly (stuck).
   620 | D:2      | 620 ||| Stepping randomly (stuck).
   621 | D:2      | 621 ||| Stepping randomly (stuck).
   622 | D:2      | 622 ||| Stepping randomly (stuck).
   623 | D:2      | 623 ||| Stepping randomly (stuck).
   624 | D:2      | 624 ||| Stepping randomly (stuck).
   625 | D:2      | 625 ||| Stepping randomly (stuck).
   627 | D:2      | 627 ||| Stepping randomly (stuck).
   628 | D:2      | 628 ||| Stepping randomly (stuck).
   629 | D:2      | 629 ||| Stepping randomly (stuck).
   630 | D:2      | 630 ||| Stepping randomly (stuck).
   631 | D:2      | 631 ||| Stepping randomly (stuck).
   632 | D:2      | 632 ||| Stepping randomly (stuck).
   633 | D:2      | 633 ||| Stepping randomly (stuck).
   634 | D:2      | 634 ||| Stepping randomly (stuck).
   635 | D:2      | 635 ||| READING scroll of teleportation.
  1266 | D:2      | Found a runed translucent door.
  1267 | D:2      | Noticed Crazy Yiuf
  1400 | D:2      | 1400 ||| DRINKING 3 fuming green potions.
  1429 | D:3      | 1429 ||| PLANNING SEWER
  1469 | D:3      | Found a glowing drain.
  1488 | Sewer    | Entered a sewer
  1510 | Sewer    | Noticed a brain worm
  1510 | Sewer    | Noticed a brain worm
  1516 | Sewer    | Killed a brain worm
  1517 | Sewer    | Reached XP level 4. HP: 22/22 MP: 5/5
  1522 | Sewer    | Killed a brain worm
  1523 | Sewer    | Reached XP level 5. HP: 20/27 MP: 4/6
  1606 | Sewer    | HP: 5/27 [poisoned by a kobold brigand]
  1607 | Sewer    | 1607 ||| DRINKING potion of heal wounds.
  1614 | Sewer    | HP: 6/27 [poisoned by a kobold brigand]
  1614 | Sewer    | Slain by a kobold brigand

Levels and vault maps discovered:
D:1:      ncdulo_halloftheorcs, layout_basic
D:2:      layout_loops_ring, serial_shops, nicolae_shop_window_shopping,
          minmay_misc_feat_pillars, uniq_crazy_yiuf_cottage
D:3:      layout_basic, amcnicky_altar_gilded, minitemple,
          cheibrodos_sewer_entry_drain
Sewer:    sewer_co_tree

Skill      XL: |  1  2  3  4 |
---------------+-------------+-----
Dodging        | 3 4 5 |  5.5
Ranged Weapons | 5 |  5.0
Fighting       | 2 |  2.5
Stealth        | |  1.5

Action                     |  1- 3 |  4- 6 || total
---------------------------+-------+-------++-------
   Fire: Shortbow          |    93 |    24 ||   117
    Use: Scroll            |     5 |       ||     5
         Potion            |     2 |     1 ||     3
 Armour: Robe              |     5 |     2 ||     7
  Dodge: Dodged            |    17 |     5 ||    22

Table legend:
 A = Non-vault XP
 B = Vault XP
 C = Vault XP percentage of total XP
 D = Non-vault monster count
 E = Vault monster count
 F = Vault count percentage of total count
                 A         B        C        D         E       F
            +---------+---------+-------+---------+---------+-------
      Total |      81 |     192 |  70.3 |      37 |       8 |  17.8
            +---------+---------+-------+---------+---------+-------
        D:1 |      31 |       0 |   0.0 |      15 |       0 |   0.0
        D:2 |      45 |       0 |   0.0 |      19 |       0 |   0.0
        D:3 |       5 |       3 |  37.5 |       3 |       3 |  50.0
      Sewer |       0 |     189 | 100.0 |       0 |       5 | 100.0
            +---------+---------+-------+---------+---------+-------
